Map: Data-C

Players

Nice

  • Race: Protoss Protoss
  • League: Diamond
  • Spawn Location: 9:00

Lambo - Winner!

  • Race: Zerg Zerg
  • Spawn Location: 3:00

Event: HomeStory Cup XXII

VOD

Have the link to the VOD?

Description

Time

  • Played on: Dec. 15, 2022, 10:37 a.m.
  • Length: 13:19

All games in this series

Show
View Real Time Build Order
Export as new Build Order

Nice Protoss 

Build Orders: 1 Gate Expand, Oracle Opening 

Get SALT Encoding   

  12  0:00  Probe  
  13  0:12  Probe  
  14  0:19  Pylon  
  14  0:24  Probe  
  14  0:27  Assimilator  
  15  0:37  Probe (Chrono Boost)  
  16  0:43  Gateway  
  16  0:49  Probe (Chrono Boost)  
  17  0:55  Probe (Chrono Boost)  
  18  1:04  Probe  
  19  1:16  Probe  
  20  1:24  Nexus  
  20  1:34  Cybernetics Core  
  20  1:40  Assimilator  
  20  1:41  Probe  
  21  1:48  Pylon  
  21  1:53  Probe  
  22  2:05  Probe (Chrono Boost)  
  23  2:09  Stalker (Chrono Boost)  
  23  2:12  Warp Gate  
  25  2:17  Probe (Chrono Boost)  
  26  2:24  Probe (Chrono Boost)  
  26  2:25  Stargate  
  27  2:33  Probe (Chrono Boost)  
  28  2:37  Stalker  
  28  2:40  Probe (Chrono Boost)  
  31  2:50  Probe (Chrono Boost)  
  31  2:51  Probe (Chrono Boost)  
  33  2:55  Probe (Chrono Boost)  
  35  2:58  Probe  
  35  3:05  Oracle (Chrono Boost)  
  35  3:07  Probe  
  35  3:10  Probe  
  40  3:17  Gateway  
  40  3:19  Probe  
  41  3:22  Probe  
  41  3:24  Pylon  
  42  3:31  Probe  
  42  3:33  Oracle (Chrono Boost)  
  43  3:39  Pylon  
  46  3:42  Probe  
  46  3:45  Probe  
  48  3:51  Twilight Council  
  48  3:58  Probe  
  48  4:00  Nexus  
  49  4:11  Gateway x2  
  49  4:16  Adept  
  51  4:18  Adept  
  51  4:21  Probe x2  
  55  4:24  Resonating Glaives (Chrono Boost)  
  55  4:25  Shield Battery  
  55  4:29  Pylon  
  55  4:37  Pylon  
  55  4:38  Adept  
  55  4:42  Adept  
  55  4:44  Probe  
  55  4:45  Probe  
  61  4:49  Assimilator  
  61  4:53  Pylon  
  61  4:57  Probe x2  
  63  5:08  Adept x2  
  63  5:09  Adept x2  
  63  5:10  Probe  
  63  5:11  Probe  
  73  5:15  Probe  
  73  5:20  Pylon  
  74  5:23  Probe  
  74  5:25  Probe  
  74  5:26  Assimilator  
  76  5:29  Adept x3  
  76  5:32  Adept  
  76  5:33  Probe  
  86  5:43  Probe (Chrono Boost)  
  86  5:44  Probe (Chrono Boost)  
  86  5:45  Forge, Probe (Chrono Boost)  
  86  5:49  Robotics Facility  
  88  5:55  Probe (Chrono Boost)  
  90  5:59  Probe (Chrono Boost)  
  90  6:00  Probe (Chrono Boost)  
  90  6:01  Probe (Chrono Boost), Blink (Chrono Boost), Pylon  
  93  6:11  Probe  
  93  6:13  Probe  
  93  6:16  Protoss Ground Weapons Level 1  
  93  6:17  Stalker  
  93  6:18  Stalker x3  
  96  6:22  Probe  
  96  6:23  Probe, Assimilator  
  96  6:25  Probe  
  95  6:34  Probe  
  95  6:35  Probe  
  95  6:36  Assimilator  
  95  6:37  Probe  
  98  6:40  Photon Cannon  
  98  6:43  Shield Battery, Observer (Chrono Boost)  
  99  6:48  Robotics Bay  
  99  6:51  Gateway  
  99  6:52  Gateway  
  101  6:56  Stalker x2  
  103  7:02  Robotics Facility  
  103  7:05  Stalker  
  103  7:06  Stalker  
  107  7:15  Gateway  
  107  7:17  Gateway  
  107  7:18  Immortal (Chrono Boost)  
  107  7:21  Pylon  
  111  7:23  Pylon  
  111  7:26  Pylon  
  111  7:33  Stalker x4  
  115  7:41  Extended Thermal Lance  
  115  7:46  Colossus (Chrono Boost)  
  121  7:57  Colossus (Chrono Boost)  
  121  7:58  Pylon  
  127  8:01  Pylon  
  127  8:10  Stalker x2  
  127  8:11  Stalker x4  
  139  8:13  Zealot  
  141  8:25  Shield Battery  
  141  8:26  Pylon  
  137  8:29  Colossus (Chrono Boost)  
  137  8:38  Stalker x4  
  145  8:43  Warp Prism (Chrono Boost), Protoss Ground Weapons Level 2 (Chrono Boost)  
  145  8:45  Pylon  
  147  9:05  Nexus  
  147  9:11  Stalker x2  
  147  9:12  Stalker x2  
  147  9:17  Observer  
  155  9:22  Zealot x4  
  142  9:39  Stalker x2  
  142  9:40  Stalker x2  
  150  9:51  Stalker x4  
  156  10:01  Nexus  
  156  10:02  Pylon  
  154  10:11  Stalker x3  
  114  10:39  Stalker  
  114  10:40  Stalker x5  
  114  10:41  Stalker x2  
  114  10:42  Disruptor x2 (Chrono Boost)  
  134  11:03  Stalker x3  
  140  11:04  Stalker x2  
  144  11:13  Zealot x2  
  144  11:14  Zealot  
  150  11:21  Disruptor x2  
  156  11:33  Photon Cannon  
  156  11:35  Shield Battery  
  156  11:37  Charge (Chrono Boost)  
  156  11:41  Zealot x4  
  164  11:56  Disruptor  
  122  12:12  Stalker x6  
  122  12:13  Stalker  
  109  12:24  Disruptor (Chrono Boost)  
  109  12:29  Disruptor (Chrono Boost)  
  110  12:30  Probe  
  110  12:36  Templar Archives, Stalker  
  110  12:37  Stalker x2  
  120  12:50  Stalker x3  
  124  13:04  Zealot x4  
  121  13:11  Zealot  
Show
View Real Time Build Order
Export as new Build Order

Lambo Zerg - Winner!

Build Orders: Hatch First 

Get SALT Encoding   

  12  0:00  Drone  
  13  0:12  Overlord  
  13  0:17  Drone  
  14  0:31  Drone x2  
  16  0:48  Hatchery  
  15  0:53  Drone  
  15  0:56  Drone  
  17  0:59  Drone  
  18  1:10  Extractor  
  17  1:14  Spawning Pool  
  17  1:17  Drone  
  17  1:21  Drone  
  18  1:28  Drone  
  19  1:38  Drone  
  20  1:49  Drone  
  21  2:00  Queen x2  
  26  2:01  Zergling x2, Overlord  
  26  2:11  Drone x2  
  26  2:12  Metabolic Boost  
  28  2:22  Drone x2  
  30  2:36  Hatchery  
  29  2:38  Drone  
  29  2:42  Drone  
  29  2:43  Drone  
  32  2:44  Overlord  
  32  2:50  Queen  
  34  2:54  Drone  
  34  2:55  Drone  
  36  3:02  Queen  
  38  3:06  Drone x2  
  38  3:11  Overlord  
  38  3:12  Drone  
  41  3:14  Drone  
  41  3:17  Drone  
  43  3:23  Overlord  
  43  3:28  Drone  
  43  3:33  Queen, Drone  
  46  3:42  Drone x2  
  46  3:44  Overlord  
  46  3:45  Drone  
  46  3:47  Spore Crawler  
  48  3:51  Overlord  
  48  3:53  Queen, Drone x2  
  52  3:58  Overlord  
  52  4:00  Zergling x2  
  53  4:06  Drone x2  
  53  4:07  Drone x2  
  57  4:12  Drone x5  
  57  4:16  Spore Crawler  
  61  4:19  Zergling x2  
  61  4:22  Overlord  
  61  4:23  Zergling x2  
  63  4:28  Zergling x4  
  63  4:29  Roach Warren  
  63  4:30  Drone x2  
  66  4:32  Queen  
  66  4:38  Drone x2  
  70  4:41  Lair, Extractor  
  70  4:42  Extractor  
  70  4:45  Drone x4  
  72  4:49  Drone x3  
  76  4:52  Drone  
  76  4:53  Drone x2  
  76  4:56  Overlord  
  78  5:01  Spore Crawler x2, Drone x2  
  78  5:03  Drone  
  78  5:04  Drone  
  78  5:07  Drone  
  80  5:12  Overlord  
  82  5:14  Overlord  
  82  5:15  Evolution Chamber  
  82  5:16  Overlord  
  82  5:17  Drone, Extractor x2  
  82  5:18  Drone  
  82  5:19  Extractor  
  82  5:20  Drone x2  
  82  5:23  Drone  
  82  5:24  Drone  
  82  5:25  Drone x2  
  86  5:28  Drone  
  86  5:34  Drone  
  88  5:42  Spore Crawler  
  89  5:43  Hatchery  
  89  5:44  Glial Reconstitution, Drone  
  89  5:45  Zerg Missile Weapons Level 1  
  89  5:49  Roach x2  
  93  5:51  Drone x2  
  93  5:53  Roach  
  93  5:54  Roach x3  
  101  5:58  Roach x2  
  101  6:01  Roach  
  106  6:08  Roach x2  
  101  6:11  Roach  
  101  6:15  Roach x2  
  96  6:29  Zergling x2  
  96  6:30  Zergling x6, Roach x2  
  100  6:37  Drone x2  
  100  6:38  Drone x2  
  100  6:39  Drone  
  105  6:40  Drone  
  105  6:41  Zergling x2  
  107  6:49  Drone x6  
  113  6:54  Baneling Nest, Drone x2  
  113  6:57  Ravager x3  
  113  6:59  Drone x3  
  120  7:05  Overlord x2  
  120  7:10  Overlord  
  119  7:17  Drone, Overlord  
  119  7:18  Overlord  
  120  7:24  Drone x9  
  120  7:25  Drone x2  
  120  7:29  Drone x2  
  131  7:31  Drone  
  131  7:34  Drone  
  132  7:39  Drone x7  
  132  7:42  Zerg Melee Weapons Level 1  
  132  7:44  Centrifugal Hooks  
  139  7:47  Overlord  
  139  7:48  Infestation Pit, Drone  
  139  7:49  Drone x2  
  139  7:50  Drone  
  142  7:51  Drone  
  142  7:57  Spore Crawler  
  142  7:59  Drone  
  142  8:01  Ravager x2  
  142  8:02  Zergling x4  
  142  8:04  Overlord  
  142  8:05  Overlord  
  147  8:08  Overlord  
  147  8:09  Hatchery  
  147  8:11  Overlord  
  147  8:12  Overlord  
  146  8:14  Overlord  
  145  8:24  Overlord  
  145  8:25  Overlord  
  145  8:26  Hive  
  144  8:27  Overlord  
  144  8:30  Zergling x16  
  144  8:32  Drone x2  
  150  8:37  Drone x2  
  150  8:38  Drone  
  153  8:41  Zergling x12  
  153  8:46  Drone  
  153  8:47  Spine Crawler  
  158  8:49  Zergling x10  
  158  8:51  Overseer  
  158  8:52  Zergling x8  
  167  8:58  Evolution Chamber  
  167  8:59  Zergling x6  
  166  9:05  Roach x5  
  166  9:09  Roach  
  177  9:13  Roach  
  178  9:18  Zergling x12  
  178  9:19  Baneling x4  
  178  9:23  Roach x5  
  192  9:26  Roach x3  
  192  9:30  Roach x3  
  191  9:33  Roach  
  191  9:35  Zergling x6  
  191  9:36  Zergling x2, Extractor  
  193  9:39  Ravager  
  193  9:40  Baneling x13  
  193  9:42  Ravager  
  193  9:43  Zergling x8  
  199  9:46  Ravager  
  199  9:51  Roach  
  199  9:52  Overlord  
  199  9:53  Baneling x13  
  199  9:56  Queen  
  199  10:00  Overlord  
  199  10:03  Overlord  
  195  10:08  Zergling x8  
  193  10:15  Zergling x14  
  193  10:20  Zergling x2  
  199  10:25  Zergling x24  
  189  10:28  Roach x3  
  189  10:32  Roach x5  
  189  10:35  Roach x2  
  184  10:36  Viper  
  184  10:40  Viper  
  186  10:43  Baneling  
  186  10:44  Baneling x13  
  186  10:46  Ravager  
  186  10:47  Ravager  
  186  10:48  Roach x2, Ravager  
  186  10:49  Hatchery  
  188  10:50  Baneling x4  
  188  10:51  Zergling x4  
  188  10:55  Zergling x8  
  187  10:59  Overlord  
  187  11:03  Baneling x7  
  187  11:11  Zergling x18  
  196  11:20  Zergling x8  
  197  11:31  Baneling x13  
  197  11:35  Zergling x6  
  197  11:37  Zergling x2, Hatchery  
  197  11:38  Overlord  
  199  11:46  Zergling x8  
  200  11:53  Zergling x2  
  181  12:04  Zergling x22  
  178  12:10  Zergling x16  
  183  12:15  Zergling x8  
  182  12:24  Roach x3  
  182  12:26  Zergling x6, Hatchery  
  185  12:31  Spore Crawler  
  185  12:32  Zergling x8  
  185  12:34  Baneling x18  
  185  12:35  Ravager  
  189  12:38  Baneling x6  
  189  12:43  Zergling x6  
  189  12:44  Zergling x6  
  195  12:49  Zergling x4  
  195  12:50  Baneling x9  
  197  12:51  Zergling x2  
  197  12:55  Zergling x4  
  199  13:02  Zergling x14  
Tags
 
Add a new tag
Caveats
  • Supply blocks, unpowered buildings, or Contaminate may cause inaccurate times.
  • Supply counts are checked every 10 seconds.